Map: Ruins of Seras

Players

FourPanda

  • Race: Protoss Protoss
  • League: Diamond

Schme - Winner!

  • Race: Zerg Zerg
  • League: Platinum

VOD

Have the link to the VOD?

Description

Time

  • Played on: Nov. 19, 2015, 11:21 a.m.
  • Length: 15:01
Show
View Real Time Build Order
Export as new Build Order

FourPanda Protoss 

Build Orders: 1 Gate Expand 

Get SALT Encoding   

  12  0:01  Probe (Chrono Boost)  
  13  0:11  Probe (Chrono Boost)  
  14  0:18  Pylon  
  14  0:24  Probe (Chrono Boost)  
  15  0:36  Probe (Chrono Boost)  
  15  0:41  Gateway  
  16  0:47  Assimilator  
  16  0:48  Probe (Chrono Boost)  
  17  0:58  Probe (Chrono Boost)  
  18  1:09  Probe (Chrono Boost)  
  19  1:20  Probe (Chrono Boost)  
  20  1:29  Cybernetics Core  
  20  1:33  Probe (Chrono Boost)  
  21  1:43  Nexus  
  22  1:47  Probe (Chrono Boost)  
  22  1:56  Pylon  
  22  1:58  Probe (Chrono Boost)  
  23  2:03  Assimilator  
  23  2:05  Warp Gate (Chrono Boost)  
  23  2:14  Adept  
  25  2:18  Mothership Core  
  27  2:39  Probe  
  27  2:42  Gateway x2  
  28  2:48  Gateway  
  28  2:51  Probe  
  29  2:59  Gateway  
  29  3:01  Probe  
  30  3:06  Sentry  
  32  3:14  Pylon  
  32  3:16  Probe  
  32  3:18  Probe  
  34  3:48  Pylon  
  34  3:51  Probe  
  34  3:53  Probe  
  34  3:54  Adept x3  
  34  3:55  Adept  
  44  4:02  Probe  
  43  4:05  Probe  
  43  4:07  Pylon  
  45  4:12  Twilight Council  
  45  4:13  Probe  
  46  4:19  Sentry x2  
  50  4:26  Stalker  
  50  4:28  Adept  
  52  4:46  Stalker x2  
  50  4:55  Stalker x2  
  52  5:01  Probe  
  52  5:02  Probe  
  52  5:11  Resonating Glaives (Chrono Boost), Probe  
  53  5:14  Probe  
  53  5:20  Adept  
  54  5:22  Probe, Forge  
  54  5:24  Adept  
  54  5:25  Pylon  
  57  5:34  Adept x2  
  51  5:53  Probe  
  51  5:55  Probe  
  53  5:58  Robotics Facility  
  53  6:00  Adept, Pylon  
  53  6:01  Adept x2, Zealot  
  61  6:04  Probe  
  61  6:07  Probe  
  61  6:10  Assimilator  
  63  6:14  Protoss Ground Weapons Level 1 (Chrono Boost), Assimilator  
  63  6:20  Probe x2  
  65  6:32  Nexus  
  65  6:35  Probe x2  
  65  6:37  Stalker  
  69  6:42  Pylon  
  69  6:48  Probe, Pylon  
  70  7:00  Immortal  
  74  7:06  Stalker x3  
  80  7:12  Pylon  
  80  7:14  Probe  
  80  7:15  Probe, Blink (Chrono Boost)  
  82  7:27  Probe x2  
  84  7:34  Adept  
  84  7:35  Adept  
  84  7:36  Adept  
  90  7:39  Probe x2  
  90  7:43  Immortal (Chrono Boost)  
  92  7:48  Probe  
  92  7:51  Probe  
  98  7:57  Adept x3  
  104  8:01  Stalker  
  106  8:07  Protoss Ground Weapons Level 2 (Chrono Boost)  
  106  8:13  Probe  
  106  8:16  Probe, Gateway  
  106  8:17  Probe, Gateway  
  109  8:33  Pylon  
  109  8:35  Pylon  
  109  8:45  Pylon  
  109  8:46  Warp Prism  
  109  8:51  Probe  
  112  8:57  Stalker x4  
  120  9:18  Stalker, Gateway  
  120  9:19  Stalker  
  120  9:20  Stalker x4, Gateway  
  120  9:23  Pylon  
  132  9:25  Pylon  
  112  9:54  Stalker x2  
  112  9:55  Stalker x4  
  106  10:05  Immortal  
  100  10:10  Probe x2  
  100  10:14  Robotics Bay  
  106  10:16  Pylon  
  106  10:17  Probe  
  106  10:19  Assimilator  
  107  10:21  Assimilator  
  107  10:22  Probe x2  
  107  10:25  Protoss Ground Weapons Level 3 (Chrono Boost)  
  107  10:26  Adept x6  
  121  10:29  Probe  
  122  10:37  Adept x2  
  126  10:45  Probe  
  126  10:46  Probe  
  126  10:47  Adept x2  
  126  10:49  Stalker x4  
  140  10:50  Observer  
  141  11:13  Gateway  
  141  11:15  Gateway  
  141  11:18  Stalker x6  
  143  11:19  Stalker  
  155  11:37  Adept  
  157  11:45  Pylon  
  157  11:46  Pylon  
  157  11:58  Disruptor  
  157  12:06  Stalker x4  
  157  12:07  Stalker x2  
  162  12:15  Pylon  
  162  12:17  Pylon  
  162  12:18  Pylon  
  162  12:23  Stalker x4  
  162  12:29  Disruptor  
  173  12:38  Pylon  
  173  12:46  Adept x2  
  173  12:47  Adept x5  
  173  12:48  Adept x3  
  167  13:10  Stalker x7  
  167  13:11  Zealot  
  116  13:40  Observer  
  116  13:45  Stalker x4  
  113  13:56  Disruptor  
  100  14:04  Adept  
  100  14:05  Adept x2  
Show
View Real Time Build Order
Export as new Build Order

Schme Zerg - Winner!

Build Orders: 3 Hatch before Pool, Lurkers 

Get SALT Encoding   

  12  0:01  Drone  
  13  0:09  Drone  
  14  0:18  Overlord  
  14  0:25  Drone, Extractor  
  15  0:37  Drone x2  
  17  0:44  Drone  
  18  0:58  Hatchery  
  18  1:01  Drone  
  18  1:23  Hatchery  
  17  1:26  Drone  
  18  1:39  Spawning Pool  
  17  1:41  Drone  
  17  1:44  Drone  
  19  1:48  Drone  
  19  1:52  Drone  
  21  2:07  Drone  
  22  2:18  Drone  
  22  2:19  Overlord  
  23  2:26  Drone  
  23  2:27  Drone  
  23  2:28  Queen  
  27  2:34  Queen  
  27  2:36  Queen  
  31  2:38  Zergling x2  
  31  2:40  Drone  
  31  2:43  Drone  
  34  2:45  Drone  
  34  2:48  Drone  
  34  2:50  Drone  
  37  2:57  Drone x2  
  37  2:58  Drone  
  40  3:05  Zergling x2  
  41  3:07  Overlord  
  41  3:09  Overlord  
  41  3:20  Drone  
  41  3:24  Extractor  
  41  3:25  Drone x2, Extractor, Queen x2  
  46  3:28  Drone x2  
  48  3:35  Drone  
  48  3:38  Drone  
  50  3:50  Roach Warren, Drone x2  
  50  3:51  Drone  
  54  3:55  Drone x2  
  54  4:07  Spine Crawler  
  53  4:12  Zergling x2  
  53  4:13  Metabolic Boost, Zergling x8  
  58  4:21  Overlord  
  58  4:22  Overlord x2  
  56  4:26  Zergling x2  
  56  4:27  Zergling x2  
  58  4:37  Queen  
  58  4:39  Queen  
  58  4:42  Zergling x2  
  58  4:44  Zergling x10  
  58  4:45  Zergling x10  
  66  4:48  Queen  
  66  4:50  Roach  
  62  5:02  Roach  
  62  5:03  Roach x3  
  69  5:10  Roach x3  
  69  5:13  Overlord  
  72  5:25  Queen  
  73  5:32  Roach  
  73  5:33  Roach x5  
  80  5:39  Zergling x2  
  80  5:40  Zergling x4  
  77  5:45  Roach  
  73  5:50  Roach x2  
  73  5:55  Roach  
  79  5:59  Extractor  
  79  6:00  Ravager, Extractor  
  79  6:01  Overlord x2, Ravager  
  79  6:19  Roach x4  
  79  6:24  Drone x4  
  91  6:26  Queen  
  93  6:33  Drone  
  93  6:34  Drone x4  
  98  6:56  Overlord x3  
  97  7:02  Queen  
  97  7:08  Lair  
  98  7:14  Drone x3  
  98  7:15  Drone x4  
  105  7:22  Drone x5  
  110  7:28  Drone  
  111  7:31  Hatchery  
  111  7:33  Drone x2  
  111  7:36  Drone x2  
  114  7:39  Drone x3  
  114  7:40  Evolution Chamber  
  114  7:41  Evolution Chamber  
  115  7:52  Drone x3  
  115  7:53  Drone x4  
  122  8:06  Glial Reconstitution  
  122  8:07  Zerg Missile Weapons Level 1  
  122  8:08  Zerg Ground Armor Level 1  
  122  8:12  Extractor  
  121  8:13  Queen, Extractor  
  121  8:16  Overlord  
  121  8:17  Overlord x3  
  122  8:23  Hydralisk Den  
  121  8:33  Overseer  
  121  8:44  Spore Crawler  
  121  8:45  Queen  
  121  8:46  Drone x5  
  121  8:47  Drone  
  121  8:48  Overlord x2  
  128  8:52  Hydralisk x4, Muscular Augments  
  128  8:53  Hydralisk x3  
  142  9:09  Hydralisk  
  142  9:10  Hydralisk x5  
  154  9:17  Roach  
  154  9:18  Roach x4  
  154  9:21  Nydus Network  
  163  9:26  Hydralisk  
  163  9:27  Hydralisk x3  
  171  9:36  Roach  
  171  9:37  Roach  
  175  9:39  Overlord x3  
  156  9:49  Roach  
  156  9:50  Roach x6  
  150  9:56  Hydralisk  
  150  9:57  Hydralisk x4  
  134  10:08  Roach  
  134  10:09  Roach x5  
  146  10:15  Drone x2  
  146  10:16  Roach  
  150  10:23  Overseer  
  150  10:31  Hydralisk  
  150  10:32  Hydralisk x5  
  162  10:37  Drone  
  162  10:40  Lurker Den, Extractor x2  
  161  11:06  Hydralisk x10  
  181  11:23  Zergling x26  
  194  11:27  Zerg Missile Weapons Level 2  
  194  11:31  Zerg Ground Armor Level 2  
  194  11:35  Drone x3  
  197  11:46  Spire  
  192  12:20  Lurker x2  
  192  12:21  Lurker x6  
  200  12:41  Hydralisk  
  200  12:42  Hydralisk x5  
  200  12:44  Hatchery  
  199  12:56  Infestation Pit  
  189  13:10  Roach  
  189  13:11  Roach x16  
  199  13:19  Roach x6  
  196  13:20  Roach  
  169  13:33  Roach x3  
  169  13:34  Roach x10  
  175  13:38  Roach  
  175  13:39  Ravager x2  
  175  13:40  Ravager x2  
  173  13:45  Roach  
  173  13:46  Roach x2  
  153  14:08  Queen  
  153  14:09  Drone x2  
  159  14:11  Zergling x2  
  159  14:12  Zergling x8  
  159  14:14  Roach x3  
  164  14:25  Hydralisk x6  
  175  14:38  Drone  
  175  14:39  Drone  
Tags
 
Add a new tag
Caveats
  • Supply blocks, unpowered buildings, or Contaminate may cause inaccurate times.
  • Supply counts are checked every 10 seconds.